 Dungeon Crawl Stone Soup version 0.29-a0-337-g68df138881 (webtiles) character file.

Game seed: 8024216828800251722

7630 Lekart the Fighter (level 10, -1/101 HPs)
             Began as a Pale Draconian Chaos Knight on Apr 17, 2022.
             Was a Plaything of Xom.
             Slain by a centaur (6 damage)
             ... on level 11 of the Dungeon.
             The game lasted 00:16:35 (11346 turns).

Lekart the Fighter (Pale Draconian Chaos Knight)   Turns: 11346, Time: 00:16:36

Health: -1/101     AC: -14   Str:  6    XL:     10   Next: 98%
Magic:  0/9        EV: 15    Int: 12    God:    Xom [..*...]
Gold:   146        SH:  0    Dex: 17    Spells: 9/9 levels left

rFire   . . .      SeeInvis .   n - +7 short sword of Agony {venom, rN++ Will+ Str-5}
rCold   . . .      Faith    .   (no shield)
rNeg    + + .      Spirit   +   (body armour unavailable)
rPois   .          Reflect  .   (helmet restricted)
rElec   .          Harm     .   c - scarf {repulsion}
rCorr   .          Rampage  .   p - +2 pair of gloves
Will    +++..      Rage     1%  (no boots)
Stlth   ++........              g - amulet of guardian spirit
HPRegen 0.26/turn               e - ring of willpower
MPRegen 0.11/turn               q - +6 ring of dexterity

@: corroded, repel missiles
A: breathe steam, AC +7, unfitting armour, cold-blooded, steam resistance, horns
1, berserk 1, clumsy 2, low MP 1, strong-willed 1, weak 2, wild magic 1,
evolution 1
a: Breathe Steam, Renounce Religion


You were on level 11 of the Dungeon.
You worshipped Xom.
You were a toy of Xom.
You visited 2 branches of the dungeon, and saw 11 of its levels.

You collected 314 gold pieces.
You spent 168 gold pieces at shops.

Inventory:

Hand Weapons
 a - a +0 falchion of chaos
 k - a +5 scimitar
 n - the +7 short sword of Agony (weapon) {venom, rN++ Will+ Str-5}
   (You bought it in a shop on level 6 of the Dungeon)

   It poisons the flesh of those it strikes.
   Str:       It affects your strength (-5).
   rN:        It greatly protects you from negative energy.
   Will:      It increases your willpower.
 u - a +1 scimitar of flaming
Armour
 c - a scarf of repulsion (worn)
 p - a +2 pair of gloves (worn)
Jewellery
 e - a ring of willpower (left hand)
 g - an amulet of guardian spirit (around neck)
 q - a +6 ring of dexterity (right hand)
 w - a +6 ring of dexterity
Wands
 i - a wand of polymorph (9)
 l - a wand of iceblast (8)
Scrolls
 f - 4 scrolls of teleportation
 j - a scroll of blinking
 m - 3 scrolls of magic mapping
 o - 2 scrolls of holy word
 x - a scroll of enchant armour
 y - a scroll of identify
Potions
 d - 4 potions of curing
 h - 4 potions of flight
 s - a potion of berserk rage
 t - 3 potions of attraction
Miscellaneous
 b - a piece from Xom's chessboard (15/15) (quivered)


   Skills:
 + Level 13.2 Fighting
 + Level 9.2(9.7) Short Blades
 + Level 4.4(7.4) Long Blades
 + Level 6.7 Dodging
 + Level 1.8 Evocations


You had 9 spell levels left.
You didn't know any spells.
Your spell library contained the following spells:

 Spells                   Type           Power      Damage    Failure   Level
 Magic Dart               Conj           0%         1d3       41%         1
 Searing Ray              Conj           0%         2d4       54%         2
 Conjure Flame            Conj/Fire      0%         6-21      77%         3
 Ignite Poison            Fire/Tmut/Pois 0%         N/A       77%         3
 Fulminant Prism          Conj/Hex       0%         3d6       98%         4
 Petrify                  Tmut/Erth      0%         N/A       98%         4
 Sticky Flame             Conj/Fire      0%         2d3       98%         4
 Metabolic Englaciation   Hex/Ice        0%         N/A       100%        5
 Statue Form              Tmut/Erth      0%         N/A       100%        6


Dungeon Overview and Level Annotations

Branches:
Dungeon (11/15)            Temple (1/1) D:5            Lair (0/6) D:8
    Orc (0/2) D:9

Altars:
Ashenzari
Cheibriados
Elyvilon
Fedhas
Gozag
Hepliaklqana
Kikubaaqudgha
Makhleb
Nemelex Xobeh
Okawaru
Qazlal
Sif Muna
Trog
Wu Jian
Xom
Yredelemnul
Zin
The Shining One

Shops:
D:6 ((   D:9 !


Innate Abilities, Weirdness & Mutations

You can breathe blasts of scalding, opaque steam.
Your pale cyan-grey scales are hard. (AC +7)
You cannot fit into any form of body armour.
You are cold-blooded and may be slowed by cold attacks.
You are immune to the effects of steam.
You have a pair of small horns on your head.
You tend to lose your temper in combat.
You are very clumsy. (Dex -4)
Your magical capacity is low. (-10% MP)
You are strong-willed. (Will+)
You are very weak. (Str -4)
Your spells are a little harder to cast, but a little more powerful.
You have hidden genetic potential.


Message History

* * * LOW HITPOINT WARNING * * *
The centaur misses you.
You hit the yak.
You tail-slap the yak, but do no damage.
The yak is lightly wounded.
The centaur barely misses you. The centaur closely misses you.
You hit the yak but do no damage.
The yak is poisoned.
The yak is lightly wounded.
You feel yourself speed up. The centaur hits you!
* * * LOW HITPOINT WARNING * * *
The centaur misses you.
The yak closely misses you. x2; The centaur hits you.
* * * LOW HITPOINT WARNING * * *
The centaur closely misses you.
You feel better.
Your surroundings suddenly seem different. 5 centaurs come into view.
Found a curved glowing staff.
Xom is highly amused!
The centaur shouts!
Xom's power touches on a nearby monster.
The centaur suddenly seems more agile.
The centaur shouts! x3
The centaur wields a +0 shortbow.
The centaur shoots an arrow.
The arrow misses you. The centaur hits you.
* * * LOW HITPOINT WARNING * * *
The centaur kicks you.
* * * LOW HITPOINT WARNING * * *
The centaur misses you. The centaur completely misses you.
The centaur closely misses you. The centaur kicks you.
* * * LOW HITPOINT WARNING * * *
The centaur hits you!
* * * LOW HITPOINT WARNING * * *
The centaur kicks you.
* * * LOW HITPOINT WARNING * * *
The centaur hits you.
* * * LOW HITPOINT WARNING * * *
The centaur closely misses you. The centaur hits you.
You die...
Xom is highly amused!

#####+##
#..c...#
#.|....#
#c.c...+
#c@c...#
########
#####
#.YY.


#cYY. #YY.. #.... You could see 5 centaurs.

Vanquished Creatures
  Josephine (D:10)
  A two-headed ogre (D:10)
  Maggie (D:7)
  Grinder (D:3)
  A hornet (D:9)
  A shadow (D:9)
  3 wyverns
  2 wraiths (D:10)
  2 steam dragons
  An acid dragon (D:8)
  Duvessa (D:7)
  3 black bears
  A sky beast (D:6)
  4 orc warriors
  2 ogres (D:5)
  5 centaurs
  2 phantoms
  3 kobold brigands
  4 necrophages
  2 bullfrogs (D:8)
  A gnoll sergeant (D:9)
  16 wights
  Dowan (D:7)
  3 jellies (D:7)
  5 killer bees
  3 howler monkeys
  8 orc priests
  A gnoll shaman (D:6)
  2 hounds
  Jessica (D:2)
  Natasha (twice) (D:2)
  4 iguanas
  6 orc wizards
  6 adders
  8 gnolls
  3 white imps
  3 ufetubi
  2 worms (D:2)
  A dart slug (D:1)
  21 orcs
  5 ball pythons
  3 bats
  7 endoplasms
  A giant cockroach (D:1)
  6 goblins
  7 hobgoblins
  5 jackals (D:1)
  3 quokkas
  5 frilled lizards
  19 kobolds
  11 rats
210 creatures vanquished.

Vanquished Creatures (collateral kills)
  An orc priest (D:5)
  An iguana (D:5)
  A hobgoblin (D:2)
3 creatures vanquished.

Vanquished Creatures (others)
  3 bushes (D:7)
  14 plants
17 creatures vanquished.

Grand Total: 230 creatures vanquished

Notes
Turn   | Place    | Note
-------+----------+-------------------------------------------
     0 | D:1      | Lekart the Draconian Chaos Knight began the quest for the
                  | Orb.
     0 | D:1      | Reached XP level 1. HP: 19/19 MP: 1/1
   125 | D:1      | Reached XP level 2. HP: 25/27 MP: 2/2
   127 | D:1      | Reached skill level 4 in Fighting
   311 | D:1      | XOM: noise
   581 | D:1      | XOM: silly message
   673 | D:1      | XOM: divination: magic mapping
   677 | D:1      | Reached XP level 3. HP: 33/34 MP: 3/3
  1000 | D:2      | XOM: god gift: scale mail {god gift}
  1160 | D:2      | Found a shimmering altar of Xom.
  1169 | D:2      | Noticed Natasha
  1180 | D:2      | Killed Natasha
  1181 | D:2      | Reached skill level 5 in Fighting
  1191 | D:2      | XOM: summons 2 hostile demons
  1285 | D:2      | XOM: god gift: wand of polymorph (6)
  1328 | D:2      | Reached XP level 4. HP: 38/42 MP: 4/4
  1359 | D:2      | Noticed Jessica
  1363 | D:2      | Killed Jessica
  1573 | D:2      | Reached skill level 6 in Fighting
  1734 | D:2      | XOM: give mutations
  1734 | D:2      | Gained mutation: You sometimes lose the ability to read
                  | scrolls when taking damage. [Xom's mischief]
  1734 | D:2      | Gained mutation: You have very sharp teeth. [Xom's
                  | mischief]
  1873 | D:2      | XOM: summons friendly crimson imp
  1877 | D:2      | XOM: smoke on damage
  1948 | D:2      | XOM: give mutations
  1948 | D:2      | Gained mutation: You are weak. (Str -2) [Xom's mischief]
  1948 | D:2      | Gained mutation: You are very weak. (Str -4) [Xom's
                  | mischief]
  1948 | D:2      | Gained mutation: You are clumsy. (Dex -2) [Xom's mischief]
  1948 | D:2      | Lost mutation: You sometimes lose the ability to read
                  | scrolls when taking damage. [Xom's mischief]
  2171 | D:2      | XOM: summons 2 hostile shadow creatures
  2251 | D:2      | Reached XP level 5. HP: 47/51 MP: 5/5
  2302 | D:2      | Noticed Natasha
  2304 | D:2      | XOM: blink monster(s)
  2308 | D:2      | Killed Natasha
  2546 | D:3      | Found a white marble altar of Elyvilon.
  2685 | D:3      | Found a broken altar of Ashenzari.
  2775 | D:3      | Noticed Grinder
  2782 | D:3      | XOM: 1-stop teleportation journey
  2784 | D:3      | Paralysed by Grinder for 7 turns
  2885 | D:2      | XOM: give mutations
  2885 | D:2      | Lost mutation: You are clumsy. (Dex -2) [Xom's mischief]
  2885 | D:2      | Lost mutation: You are very weak. (Str -4) [Xom's mischief]
  2885 | D:2      | Gained mutation: You are clumsy. (Dex -2) [Xom's mischief]
  3139 | D:3      | XOM: confusion
  3144 | D:3      | XOM: repel stairs
  3156 | D:3      | Killed Grinder
  3157 | D:3      | Reached skill level 8 in Fighting
  3157 | D:3      | Reached XP level 6. HP: 40/61 MP: 6/6
  3363 | D:3      | You fall into a shaft and drop 2 floors!
  3363 | D:5      | Entered Level 5 of the Dungeon
  3363 | D:5      | Found an ornate altar of the Wu Jian Council.
  3375 | D:5      | XOM: stat loss: -1 Str (12/13)
  3546 | D:5      | XOM: summons 2 hostile shadow creatures
  3588 | D:5      | XOM: cloud trail
  3634 | D:5      | XOM: give mutations
  3634 | D:5      | Gained mutation: You are somewhat resistant to further
                  | mutation. [Xom's grace]
  3634 | D:5      | Gained mutation: You are strong-willed. (Will+) [Xom's
                  | grace]
  3634 | D:5      | Gained mutation: Your spells are a little harder to cast,
                  | but a little more powerful. [Xom's grace]
  3743 | D:5      | XOM: summons friendly ufetubus
  3835 | D:5      | XOM: polymorph ufetubus -> iron imp
  3845 | D:5      | Your scales start taking on a pale cyan-grey colour.
  3845 | D:5      | Reached XP level 7. HP: 69/69 MP: 7/7
  3845 | D:5      | Gained mutation: You are immune to the effects of steam.
                  | [Pale Draconian growth]
  3856 | D:5      | HP: 3/69 [orc priest/divine providence (12)]
  3859 | D:5      | Reached skill level 9 in Fighting
  4277 | D:5      | Noticed a steam dragon
  4287 | D:5      | XOM: give mutation
  4287 | D:5      | Lost mutation: You have very sharp teeth. [Xom's mischief]
  4289 | D:5      | Killed a steam dragon
  4290 | D:5      | Reached skill level 10 in Fighting
  4410 | D:5      | Noticed a wyvern
  4421 | D:5      | Killed a wyvern
  4422 | D:5      | Reached XP level 8. HP: 44/81 MP: 8/8
  4836 | D:5      | XOM: summons 1 hostile demon
  4997 | D:5      | Found a staircase to the Ecumenical Temple.
  5062 | D:5      | XOM: confusion
  5069 | D:5      | Reached skill level 11 in Fighting
  5263 | D:5      | XOM: noise
  5381 | Temple   | Entered the Ecumenical Temple
  5619 | D:6      | Found Ykeazec's Antique Weapon Boutique.
  5648 | D:6      | Bought a faintly glowing short sword for 168 gold pieces
  5648 | D:6      | Identified the +7 short sword of Agony {venom, rN++ Will+
                  | Str-5} (You bought it in a shop on level 6 of the Dungeon)
  5783 | D:6      | Found Jeyrrumo's Antique Weapon Shop.
  5809 | D:6      | XOM: divination: detect creatures
  5813 | D:6      | XOM: polymorph orc -> endoplasm
  6136 | D:6      | XOM: 1-stop teleportation journey
  6139 | D:6      | XOM: enchant monster (good)
  6140 | D:6      | XOM: 1-stop teleportation journey
  6141 | D:6      | Reached skill level 1 in Short Blades
  6254 | D:6      | XOM: silly message
  6652 | D:6      | Reached XP level 9. HP: 83/90 MP: 9/9
  6707 | D:6      | XOM: 3-stop teleportation journey
  6726 | D:6      | XOM: cleaving
  6800 | D:6      | XOM: give mutations
  6800 | D:6      | Gained mutation: You are very clumsy. (Dex -4) [Xom's
                  | mischief]
  6800 | D:6      | Gained mutation: You are very weak. (Str -4) [Xom's
                  | mischief]
  6800 | D:6      | Lost mutation: You are strong-willed. (Will+) [Xom's
                  | mischief]
  6800 | D:6      | Lost mutation: You are somewhat resistant to further
                  | mutation. [Xom's mischief]
  6800 | D:6      | Gained mutation: You have hidden genetic potential. [Xom's
                  | mischief]
  7398 | D:7      | Found a blossoming altar of Fedhas.
  7578 | D:7      | Noticed Duvessa
  7578 | D:7      | Noticed Dowan
  7580 | D:7      | XOM: noise
  7589 | D:7      | Killed Duvessa
  7596 | D:7      | Killed Dowan
  7690 | D:7      | Noticed Maggie
  7695 | D:7      | XOM: chaos upgrade
  7704 | D:7      | Killed Maggie
  7705 | D:7      | Reached skill level 12 in Fighting
  7705 | D:7      | Reached skill level 1 in Evocations
  7761 | D:7      | XOM: 4-stop teleportation journey
  8029 | D:7      | XOM: give mutations
  8029 | D:7      | Gained mutation: You are strong-willed. (Will+) [Xom's
                  | mischief]
  8029 | D:7      | Gained mutation: Your magical capacity is low. (-10% MP)
                  | [Xom's mischief]
  8432 | D:7      | Reached skill level 5 in Short Blades
  8625 | D:7      | Reached skill level 5 in Dodging
  8783 | D:7      | Found an opulent altar of Gozag.
  8792 | D:7      | Found a hazy altar of Hepliaklqana.
  8942 | D:7      | XOM: enchant monster (bad)
  9002 | D:7      | XOM: summons 2 hostile shadow creatures
  9003 | D:7      | Noticed a two-headed ogre
  9004 | D:7      | XOM: give mutation
  9004 | D:7      | Lost mutation: Your spells are a little harder to cast, but
                  | a little more powerful. [Xom's mischief]
  9180 | D:8      | Found a staircase to the Lair.
  9333 | D:8      | XOM: potion effect (invisibility)
  9341 | D:8      | Reached XP level 10. HP: 99/99 MP: 9/9
  9414 | D:8      | Gained mutation: Your spells are a little harder to cast,
                  | but a little more powerful. [hidden potential]
  9548 | D:8      | XOM: stat loss: -1 Dex (16/17)
  9765 | D:9      | Found Gykku's Distillery.
  9790 | D:9      | XOM: give mutations
  9790 | D:9      | Gained mutation: You have a pair of small horns on your
                  | head. [Xom's mischief]
  9790 | D:9      | Gained mutation: You tend to lose your temper in combat.
                  | [Xom's mischief]
  9796 | D:9      | XOM: chaos upgrade
  9800 | D:9      | XOM: confusion
 10329 | D:9      | XOM: 1-stop teleportation journey
 10381 | D:9      | XOM: 1-stop teleportation journey
 10514 | D:9      | XOM: torment (64/100 hp)
 10827 | D:9      | Found a staircase to the Orcish Mines.
 10862 | D:9      | XOM: summons 4 hostile shadow creatures
 10915 | D:9      | XOM: torment (17/100 hp)
 10930 | D:10     | Entered Level 10 of the Dungeon
 10946 | D:10     | Noticed a two-headed ogre
 10946 | D:10     | XOM: 3-stop teleportation journey
 10948 | D:10     | XOM: divination: detect creatures
 10959 | D:10     | Killed a two-headed ogre
 10960 | D:10     | Reached skill level 13 in Fighting
 11046 | D:10     | XOM: 2-stop teleportation journey
 11308 | D:10     | Noticed Josephine
 11319 | D:10     | XOM: summons 2 hostile demons
 11320 | D:10     | Noticed a rust devil
 11325 | D:10     | Killed Josephine
 11334 | D:10     | XOM: divination: detect items
 11346 | D:11     | XOM: enchant monster (bad)
 11346 | D:11     | HP: 5/101 [centaur (3)]
 11346 | D:11     | Slain by a centaur

Illustrated notes

Levels and vault maps discovered:
D:1:      scummos_arrival_simple_crosswalls, layout_loops_ring
D:2:      layout_basic, basic_altar, uniq_jessica, uniq_natasha
D:3:      minmay_evil_eye, layout_rooms, ashenzari_conservatory_becter,
          mainiacjoe_overflow_boulevard, vehumet_statue, grunt_ministairs_12,
          uniq_grinder, uniq_crazy_yiuf_cottage
D:5:      layout_rooms, nicolae_wu_jian_wuxing_cycle, lemuel_temple_firewalk_b,
          minmay_misc_feat_tower, kennysheep_generic_room_8
D:6:      layout_cave_pods, serial_shops, nicolae_diamond_shop,
          nicolae_stop_n_shop_2, minmay_fountain_box
D:7:      layout_gridville, fedhas_altar_decomposition,
          mainiacjoe_overflow_swirl, minivault_25, uniq_duvessa, uniq_maggie
D:8:      layout_rooms, lair_entry_dummy, minmay_misc_feat_columns,
          serial_bayou_crossing
D:9:      layout_basic, orc_0_dummy, serial_shops, nicolae_diamond_shop,
          minmay_circle_x
D:10:     layout_layer_cave, old_standard_altar, serial_shops,
          nicolae_shop_trees, kb_rosetta, uniq_josephine, uniq_erica
D:11:     layout_roguey, ebering_ghost_xom
Temple:   minmay_temple_bridge_abc

Skill      XL: |  1  2  3  4  5  6  7  8  9 10 |
---------------+-------------------------------+-----
Fighting       | 4 5 6 8 10 11 12 13 | 13.2
Dodging        | 3 5 6 |  6.7
Long Blades    | 4 |  4.4
Short Blades   | 2 6 9 |  9.2
Evocations     | 1 |  1.8

Action                   |  1- 3 |  4- 6 |  7- 9 | 10-12 || total
-------------------------+-------+-------+-------+-------++-------
Melee: Falchion          |    93 |   135 |    58 |       ||   286
       Tailslap          |    13 |    25 |    58 |    20 ||   116
       Punch             |     1 |       |     3 |     4 ||     8
       Unarmed           |       |     3 |       |       ||     3
       Bite              |       |     8 |     3 |       ||    11
       Short sword       |       |       |   253 |   172 ||   425
       Headbutt          |       |       |       |    30 ||    30
 Abil: Breathe Steam     |       |       |     8 |     5 ||    13
Evoke: Piece from Xom's  |       |     3 |     1 |       ||     4
       Wand              |       |       |     5 |     6 ||    11
  Use: Scroll            |     2 |     4 |    10 |     5 ||    21
       Potion            |     1 |     1 |     5 |     6 ||    13
 Stab: Petrified         |       |     8 |       |       ||     8
       Paralysed         |       |     6 |       |       ||     6
       Sleeping          |       |       |     1 |     1 ||     2
Armor: Skin              |    32 |    50 |   106 |    56 ||   244
Dodge: Dodged            |    91 |    98 |   254 |   150 ||   593
       Repelled          |       |       |       |     2 ||     2

Table legend: (Time is in decaauts)
 A = Elapsed time spent in this place.
 B = Non-inter-level travel time spent in this place.
 C = Inter-level travel time spent in this place.
 D = Time resting spent in this place.
 E = Time spent auto-exploring this place.
 F = Levels seen in this place.
 G = Mean time per level.
                   A        B        C        D        E       F      G
               +--------+--------+--------+--------+--------+-----+--------+
         Total |  11339 |  11096 |    243 |   2824 |   6523 |  11 | 1030.8 |
       Dungeon |  11144 |  10924 |    220 |   2824 |   6357 |  10 | 1114.4 |
        Temple |    194 |    171 |     23 |      0 |    166 |   1 |  194.0 |
               +--------+--------+--------+--------+--------+-----+--------+

Top non-repeatable levels by time:
     D:5: 2052 daAuts
     D:7: 1773 daAuts
     D:2: 1739 daAuts
     D:6: 1597 daAuts
     D:9: 1157 daAuts
     D:1: 1045 daAuts
     D:8: 738 daAuts
     D:3: 610 daAuts
    D:10: 421 daAuts
  Temple: 194 daAuts
    D:11: 8 daAuts
